 Dungeon Crawl Stone Soup version 0.30-a0-335-ge5acde7520 (webtiles) character file.

Game seed: 11723793529977633617

119 Muataran the Trooper (level 4, -3/42 HPs)
             Began as a Minotaur Fighter on Oct 30, 2022.
             Slain by an orc warrior
             ... wielding a +0 war axe
              (7 damage)
             ... on level 4 of the Dungeon.
             The game lasted 00:05:11 (2328 turns).

Muataran the Trooper (Minotaur Fighter)             Turns: 2328, Time: 00:05:12

Health: -3/42      AC: 10    Str: 23    XL:     4   Next: 74%
Magic:  3/3        EV:  7    Int:  5    God:
Gold:   186        SH:  4    Dex:  9    Spells: 3/3 levels left

rFire   . . .      SeeInvis .    i - +2 short sword (venom)
rCold   . . .      Faith    .    c - +0 buckler
rNeg    . . .      Spirit   .    q - +0 chain mail
rPois   .          Reflect  .    (helmet restricted)
rElec   .          Harm     .    (no cloak)
rCorr   .          Rampage  .    (no gloves)
Will    .....                    g - +0 pair of boots
Stlth   ..........               (no amulet)
HPRegen 0.27/turn                (no ring)
MPRegen 0.08/turn                (no ring)

@: no status effects
A: horns 2, retaliatory headbutt
a: no special abilities


You were on level 4 of the Dungeon.
You visited 1 branch of the dungeon, and saw 4 of its levels.

You collected 186 gold pieces.

Inventory:

Hand Weapons
 a - a +0 long sword
 i - a +2 short sword of venom (weapon)
Armour
 c - a +0 buckler (worn)
 g - a +0 pair of boots (worn)
 o - a +1 robe of fire resistance
 q - a +0 chain mail (worn)
Wands
 v - a wand of digging (5)
Scrolls
 e - 2 scrolls of fear {unknown}
 f - 2 scrolls of poison {unknown}
 h - 2 scrolls of identify {unknown}
 m - a scroll of enchant armour {unknown}
 n - a scroll of enchant weapon {unknown}
 r - a scroll of amnesia {unknown}
 u - 3 scrolls of magic mapping {unknown}
 w - a scroll of teleportation {unknown}
 x - a scroll of immolation {unknown}
Potions
 b - a potion of flight {unknown}
 d - a potion of might
 j - 2 potions of lignification {unknown}
 k - 3 potions of heal wounds {unknown}
 l - a potion of resistance {unknown}
 p - a potion of haste {unknown}
 s - a potion of brilliance {unknown}
 t - 3 potions of curing {unknown}
 z - 2 potions of mutation {unknown}


   Skills:
 * Level 5.1 Fighting
 + Level 3.4 Long Blades
 + Level 4.3 Armour
 + Level 4.4 Shields


You had 3 spell levels left.
You didn't know any spells.
Your spell library contained the following spells:

 Spells                   Type           Power      Damage    Failure   Level
 Sublimation of Blood     Necr           0%         N/A       100%        2
 Wereblood                Tmut           0%         N/A       100%        2
 Summon Hydra             Summ           0%         N/A       100%        7


Dungeon Overview and Level Annotations

Branches:
Dungeon (4/15)
 Temple: D:4-7

Altars:
Kikubaaqudgha

Shops:
D:4 =


Innate Abilities, Weirdness & Mutations

You have a pair of horns on your head.
You reflexively headbutt those who attack you in melee.


Message History

Beogh smites you!
The orc wizard points at you and mumbles some strange words.
The magic dart hits you.
You climb upwards.
There is a stone staircase leading down here.
You start resting.
HP restored.
There is an open door here.
There is a stone staircase leading down here.
You climb downwards.
Found a green potion.
There is a stone staircase leading up here.
z - 2 green potions (gained 1)
An orc warrior and 3 orcs come into view.
The orc shouts! x2
You see here a scroll labelled WIHEUCR VACOP.
The orc attacks as you move away! The orc hits you but does no damage.
The orc attacks as you move away! The orc hits you but does no damage.
The orc attacks as you move away! You block the orc's attack.
You barely miss the orc. The orc barely misses you.
You hit the orc.
The orc is poisoned.
The orc is heavily wounded.
The orc hits you but does no damage.
You hit the orc.
You kill the orc!
The orc warrior barely misses you.
The orc warrior hits you with a +0 war axe.
You closely miss the orc warrior. You headbutt the orc warrior.
The orc warrior is lightly wounded.
The orc warrior hits you with a +0 war axe!
The orc warrior attacks as you move away!
The orc warrior hits you with a +0 war axe.
The orc warrior attacks as you move away!
The orc warrior hits you with a +0 war axe!
The orc warrior attacks as you move away!
The orc warrior hits you with a +0 war axe!
* * * LOW HITPOINT WARNING * * *
There is a stone staircase leading up here.
The orc warrior hits you with a +0 war axe!
You die...

## ##..##
#.....###
#.@# ##o#
##o#
####..#
##...###
#o######
#.# #..#
#o# o..
#.# o.#


You could see an orc warrior and an orc.

Vanquished Creatures
  3 adders
  5 dart slugs
  4 orcs
  12 ball pythons
  8 bats
  7 endoplasms
  2 giant cockroaches
  5 goblins
  7 hobgoblins
  7 kobolds
  4 quokkas
  5 frilled lizards
  4 rats
73 creatures vanquished.

Notes
Turn   | Place    | Note
-------+----------+-------------------------------------------
     0 | D:1      | Muataran the Minotaur Fighter began the quest for the Orb.
     0 | D:1      | Reached XP level 1. HP: 19/19 MP: 0/0
    94 | D:1      | Reached XP level 2. HP: 27/27 MP: 1/1
   128 | D:1      | Reached skill level 4 in Fighting
   403 | D:1      | Reached XP level 3. HP: 28/33 MP: 2/2
   958 | D:2      | Found an ancient bone altar of Kikubaaqudgha.
  1627 | D:2      | Reached XP level 4. HP: 40/41 MP: 3/3
  1848 | D:3      | Reached skill level 5 in Fighting
  2153 | D:4      | Found Ekocs's Jewellery Boutique.
  2306 | D:4      | Noticed an orc warrior
  2328 | D:4      | Slain by an orc warrior

Illustrated notes

Levels and vault maps discovered:
D:1:      minmay_arrival_shoal_huts, layout_loops_ring
D:2:      layout_loops_corners, basic_altar
D:3:      layout_basic, minmay_joined_circles
D:4:      layout_layer_cave, serial_shops, nicolae_square_shop

Skill      XL: |  1  2  3  4 |
---------------+-------------+-----
Fighting       | 4 5 |  5.1
Armour         | 4 |  4.3
Shields        | 4 |  4.4
Long Blades    | 3 |  3.4

Action                   |  1- 3 |  4- 6 || total
-------------------------+-------+-------++-------
Melee: Long sword        |    27 |       ||    27
       Headbutt          |    14 |     9 ||    23
       Short sword       |    85 |    48 ||   133
Armor: Scale mail        |    41 |       ||    41
       Chain mail        |    15 |    19 ||    34
Dodge: Dodged            |    49 |    15 ||    64
Block: Buckler           |    25 |     7 ||    32

Table legend: (Time is in decaauts)
 A = Elapsed time spent in this place.
 B = Non-inter-level travel time spent in this place.
 C = Inter-level travel time spent in this place.
 D = Time resting spent in this place.
 E = Time spent auto-exploring this place.
 F = Levels seen in this place.
 G = Mean time per level.
                   A        B        C        D        E       F      G
               +--------+--------+--------+--------+--------+-----+--------+
         Total |   2331 |   2189 |    142 |    143 |   1568 |   4 |  582.8 |
       Dungeon |   2331 |   2189 |    142 |    143 |   1568 |   4 |  582.8 |
               +--------+--------+--------+--------+--------+-----+--------+

Top non-repeatable levels by time:
     D:1: 849 daAuts
     D:2: 813 daAuts
     D:3: 621 daAuts
     D:4: 46 daAuts
